 Dungeon Crawl Stone Soup version 0.25-a0-930-g9f5dfa9815 (webtiles) character file.

Game seed: 10450932504230535521, levelgen mode: deterministic

49 gruber the Digger (level 3, -1/19 HPs)
             Began as a Gargoyle Earth Elementalist on May 3, 2020.
             Slain by Natasha (4 damage)
             ... on level 2 of the Dungeon.
             The game lasted 00:02:58 (1817 turns).

gruber the Digger (Gargoyle Earth Elementalist)     Turns: 1817, Time: 00:02:59

Health: -1/19      AC:  6    Str: 11    XL:     3   Next: 75%
Magic:  6/7        EV: 12    Int: 16    God:
Gold:   40         SH:  0    Dex: 10    Spells: 3/7 levels left

rFire    . . .     SeeInvis .   n - +0 whip
rCold    . . .     Gourm    .   (no shield)
rNeg     + . .     Faith    .   c - +0 robe
rPois    ∞         Spirit   .   (no helmet)
rElec    +         Reflect  .   (no cloak)
rCorr    .         Harm     .   m - +0 pair of gloves
MR       .....                  (no boots)
Stlth    ++........             (no amulet)
HPRegen  0.06/turn              (no ring)
MPRegen  0.10/turn              (no ring)

@: no status effects
A: negative energy resistance 1, electricity resistance, unbreathing,
petrification resistance, rot immunity, AC +3
a: no special abilities


You were on level 2 of the Dungeon.
You were not hungry.

You visited 1 branch of the dungeon, and saw 2 of its levels.

You collected 40 gold pieces.

Inventory:

Hand Weapons
 n - a +0 whip (weapon)
Missiles
 b - 23 stones (quivered)
Armour
 c - a +0 robe (worn)
 m - a +0 pair of gloves (worn)
Scrolls
 e - a scroll of teleportation {unknown}
 h - 2 scrolls of remove curse {unknown}
 i - a scroll of fog {unknown}
 j - a scroll of immolation {unknown}
 k - a scroll of identify {unknown}
Potions
 a - a potion of invisibility {unknown}
 f - a potion of curing {unknown}
 g - 2 potions of mutation {unknown}
 l - a potion of heal wounds {unknown}
Comestibles
 d - 4 rations


   Skills:
 - Level 1.5 Dodging
 - Level 2.1 Stealth
 + Level 2.7 Spellcasting
   Level 0.7 Transmutations
 + Level 4.9 Earth Magic


You had 3 spell levels left.
You knew the following spells:

 Your Spells              Type           Power        Failure   Level  Hunger
a - Sandblast             Erth           ###...       2%          1    #......
b - Stone Arrow           Conj/Erth      ##....       22%         3    ###....

Your spell library contained the following spells:

 Spells                   Type           Power        Failure   Level  Hunger
 Passwall                 Tmut/Erth      ##......     9%          2    ##.....
 Petrify                  Tmut/Erth      ##......     52%         4    #####..
 Lee's Rapid Deconstruct  Erth           ###.......   56%         5    ######.


Dungeon Overview and Level Annotations

Branches:
Dungeon (2/15)

Altars:

Annotations:
D:2 Natasha


Innate Abilities, Weirdness & Mutations

You are resistant to torment.
Your stone body is resilient. (AC +3)
You are immune to poison.
You resist negative energy. (rN+)
You are resistant to electric shocks. (rElec)
You can survive without breathing.
You are immune to petrification.
You are immune to rotting.


Message History

Natasha mewls in sadness.
Natasha claws you but does no damage. The shadow imp closely misses you.
Natasha closely misses you.
You closely miss the shadow imp. The shadow imp hits you.
The crimson imp summons a swarm of flies.
The crimson imp blinks!
Natasha claws you.
* * * LOW HITPOINT WARNING * * *
You are too injured to fight recklessly!
You are too injured to fight recklessly!
You are too injured to fight recklessly!
You are too injured to fight recklessly!
You are too injured to fight recklessly!
You are too injured to fight recklessly!
You are too injured to fight recklessly!
You are too injured to fight recklessly!
Unknown command.
Unknown command.
The shadow imp laughs crazily.
Natasha claws you.
You die...

##### #.%.#
#...# ...
####...####
...5#.........#
#..............#
#.#..#....h....#
.... ####55@####
.## #...# #...#
##.## ..# ####


You could see Natasha, 2 crimson imps and a shadow imp.

Vanquished Creatures
  An adder (D:2)
  3 dart slugs (D:1)
  A leopard gecko (D:2)
  A giant cockroach (D:1)
  3 goblins (D:1)
  3 hobgoblins (D:1)
  8 kobolds (D:1)
  3 bats (D:1)
  3 frilled lizards (D:1)
  6 rats
32 creatures vanquished.

Notes
Turn   | Place    | Note
-------+----------+-------------------------------------------
     0 | D:1      | gruber the Gargoyle Earth Elementalist began the quest for
                  | the Orb.
     0 | D:1      | Reached XP level 1. HP: 10/10 MP: 3/3
     1 | D:1      | Noticed an electric eel
   100 | D:1      | Reached skill level 4 in Earth Magic
   299 | D:1      | Reached XP level 2. HP: 14/15 MP: 1/5
   787 | D:1      | Reached XP level 3. HP: 19/19 MP: 6/6
   792 | D:1      | Learned a level 3 spell: Stone Arrow
  1804 | D:2      | Noticed Natasha
  1817 | D:2      | Slain by Natasha

Levels and vault maps discovered:
D:1:      arrival_aquarium_a, layout_basic
D:2:      layout_loops_ring, uniq_crazy_yiuf_cottage, uniq_natasha

Skill      XL: |  1 |
---------------+----+-----
Earth Magic    | 4 |  4.9
Dodging        | |  1.5
Stealth        | |  2.1
Spellcasting   | |  2.7
Transmutations | |  0.7

Action                   || total
-------------------------++-------
Melee: Unarmed           ||     7
       Short sword       ||    41
       Whip              ||    32
 Cast: Sandblast         ||    18
 Stab: Sleeping          ||     3
  Eat: Ration            ||     1
       Chunk             ||     1
Armor: Robe              ||    18
Dodge: Dodged            ||    50

Table legend:
 A = Non-vault XP
 B = Vault XP
 C = Vault XP percentage of total XP
 D = Non-vault monster count
 E = Vault monster count
 F = Vault count percentage of total count
                 A         B        C        D         E       F
            +---------+---------+-------+---------+---------+-------
      Total |      70 |       0 |   0.0 |      32 |       0 |   0.0
            +---------+---------+-------+---------+---------+-------
        D:1 |      53 |       0 |   0.0 |      29 |       0 |   0.0
        D:2 |      17 |       0 |   0.0 |       3 |       0 |   0.0
            +---------+---------+-------+---------+---------+-------
